 Dungeon Crawl Stone Soup version 0.29.1-14-g9c671dbff4 (webtiles) character file.

Game seed: 10931619636849573398

86 protoss039 the Digger (level 4, -3/33 HPs)
             Began as a Demonspawn Earth Elementalist on Feb 17, 2023.
             Killed from afar by an orc wizard (5 damage)
             ... with a magic dart
             ... on level 3 of the Dungeon.
             The game lasted 00:04:29 (2158 turns).

protoss039 the Digger (DsEE)                        Turns: 2158, Time: 00:04:31

Health: -3/33      AC:  3    Str:  8    XL:     4   Next: 26%
Magic:  6/8        EV: 12    Int: 18    God:
Gold:   117        SH:  0    Dex: 14    Spells: 2/8 levels left

rFire   . . .      SeeInvis .   t - +4 hand axe
rCold   . . .      Faith    .   (no shield)
rNeg    . . .      Spirit   .   a - +0 robe
rPois   +          Reflect  .   (no helmet)
rElec   .          Harm     .   (no cloak)
rCorr   .          Rampage  .   i - +0 pair of gloves
Will    .....                   (no boots)
Stlth   +.........              (no amulet)
HPRegen 0.11/turn               m - ring of poison resistance
MPRegen 0.11/turn               (no ring)

@: confused, mighty
A: sturdy frame 2, condensation shield
a: no special abilities


You were on level 3 of the Dungeon.
You visited 1 branch of the dungeon, and saw 3 of its levels.

You collected 117 gold pieces.

Inventory:

Hand Weapons
 c - a +0 dagger
 t - a +4 hand axe (weapon)
Armour
 a - a +0 robe (worn)
 i - a +0 pair of gloves (worn)
Jewellery
 m - a ring of poison resistance (left hand)
Scrolls
 d - a scroll of poison {unknown}
 e - a scroll of enchant armour {unknown}
 f - a scroll of vulnerability {unknown}
 h - a scroll of identify
 k - 3 scrolls of teleportation
 l - 2 scrolls of noise {unknown}
 o - 4 scrolls of enchant weapon
 s - a scroll of blinking {unknown}
Potions
 b - a potion of magic
 g - a potion of curing {unknown}
 j - a potion of mutation {unknown}
 n - a potion of might
 p - 2 potions of heal wounds {unknown}
 q - a potion of haste {unknown}
 r - 2 potions of flight {unknown}


   Skills:
 + Level 2.1 Fighting
 - Level 1.7 Dodging
 - Level 1.7 Stealth
 + Level 2.9 Spellcasting
 - Level 0.8 Transmutations
 + Level 3.4 Earth Magic


You had 2 spell levels left.
You knew the following spells:

 Your Spells              Type           Power      Damage    Failure   Level
a - Sandblast             Erth           30%        2d9       4%          1
b - Passwall              Tmut/Erth      8%         N/A       11%         2
c - Stone Arrow           Conj/Erth      16%        3d8       24%         3

Your spell library contained the following spells:

 Spells                   Type           Power      Damage    Failure   Level
 Petrify                  Tmut/Erth      10%        N/A       56%         4
 Conjure Ball Lightning   Conj/Air       1%         3x3d6     100%        6
 Discord                  Hex            1%         N/A       100%        8
 Disjunction              Tloc           1%         N/A       100%        8


Dungeon Overview and Level Annotations

Branches:
Dungeon (3/15) Zot: 15807

Altars:

Shops:
D:2 [


Innate Abilities, Weirdness & Mutations

Your movements are less encumbered by armour. (ER -4)
A meltable shield of frost defends you. (SH +0)


Message History

The orc is moderately wounded.
You hit something. Something hits you.
Unknown command.
You barely miss the orc. You miss something. You hit the orc.
You kill the orc!
The orc closely misses you. Something hits you.
The orc throws a stone.
The stone hits you.
Unknown command.
You hit the orc.
The orc is heavily wounded.
You barely miss something.
You hear some strange, mumbled words.
You are confused.
The orc throws a stone.
The stone misses you.
Unknown command.
You're too confused to cast spells.
Unknown command.
You bump into the rock wall.
The orc closely misses you.
You hear some strange, mumbled words.
You are more confused.
Unknown command.
The orc attacks as you move away! The orc hits you with a +0 club.
The orc closely misses you. Something hits you.
The orc throws a stone.
The stone hits you but does no damage.
Unknown command.
You closely miss something. You barely miss the orc.
The orc hits you with a +0 club. Something hits you but does no damage.
The orc throws a stone.
The orc hits you with a +0 club.
* * * LOW HITPOINT WARNING * * *
The orc throws a stone.
The stone hits you.
* * * LOW HITPOINT WARNING * * *
Something hits you.
* * * LOW HITPOINT WARNING * * *
You feel very mighty all of a sudden. The orc hits you with a +0 club.
* * * LOW HITPOINT WARNING * * *
You hear some strange, mumbled words.
A magic dart appears from out of thin air!
The magic dart hits you.
You die...

...........#
.###.......#.. .......
.# #..(.....#..##..#....
.# ..##......##........
## # #..............
.##..$......^.... #
................ #.
#..............
###.######..#.o{@.......
....#..........[o.......
........###...#........#
......######..#........#
#.......................
#.####..................
### #..................
#...........[......
#.................


You could see 2 orcs.

Vanquished Creatures
  2 adders
  2 worms
  2 dart slugs
  3 orcs (D:3)
  6 endoplasms
  5 goblins
  9 hobgoblins
  5 jackals (D:1)
  4 kobolds
  A ball python (D:3)
  2 bats
  6 frilled lizards
  5 rats
52 creatures vanquished.

Notes
Turn   | Place    | Note
-------+----------+-------------------------------------------
     0 | D:1      | protoss039 the Demonspawn Earth Elementalist began the
                  | quest for the Orb.
     0 | D:1      | Reached XP level 1. HP: 13/13 MP: 3/3
    83 | D:1      | Gained mutation: Your movements are slightly less
                  | encumbered by armour. (ER -2) [demonic ancestry]
    83 | D:1      | Reached XP level 2. HP: 3/20 MP: 0/5
   381 | D:1      | Reached skill level 1 in Fighting
   457 | D:1      | Reached skill level 3 in Earth Magic
   547 | D:1      | Learned a level 2 spell: Passwall
   673 | D:2      | Gained mutation: Your movements are less encumbered by
                  | armour. (ER -4) [demonic ancestry]
   673 | D:2      | Reached XP level 3. HP: 26/26 MP: 3/6
  1017 | D:2      | Found Ruiph's Antique Armour Boutique.
  1743 | D:1      | Found a faded altar of an unknown god.
  1910 | D:3      | Gained mutation: A meltable shield of frost defends you.
                  | (SH +0) [demonic ancestry]
  1910 | D:3      | Reached XP level 4. HP: 33/33 MP: 4/8
  2012 | D:3      | Identified the +0 robe of Valour {+Inv Fly}
  2017 | D:3      | Learned a level 3 spell: Stone Arrow
  2158 | D:3      | Killed from afar by an orc wizard

Illustrated notes

Levels and vault maps discovered:
D:1:      moated_graveyard_arrival, layout_rooms,
          hellmonk_ecumenical_altar_arch_garden
D:2:      layout_basic, serial_shops, shop
D:3:      layout_rooms, grunt_ministairs_7

Skill      XL: |  1  2  3 |
---------------+----------+-----
Fighting       | 1 2 |  2.1
Earth Magic    | 3 |  3.4
Dodging        | |  1.7
Stealth        | |  1.7
Spellcasting   | |  2.9
Transmutations | |  0.8

Action                   |  1- 3 |  4- 6 || total
-------------------------+-------+-------++-------
Melee: Dagger            |    18 |    10 ||    28
       Hand axe          |       |     4 ||     4
 Cast: Sandblast         |    58 |     9 ||    67
  Use: Scroll            |     3 |       ||     3
       Potion            |       |     1 ||     1
Armor: Robe              |    16 |     3 ||    19
Dodge: Dodged            |    52 |    11 ||    63
Block: Other             |       |     1 ||     1
